Map: Acid Plant LE

Players

Nordy - Winner!

  • Race: Protoss Protoss
  • League: Diamond
  • Spawn Location: 11:00

McBrungus

  • Race: Zerg Zerg
  • League: Diamond
  • Spawn Location: 5:00

VOD

Have the link to the VOD?

Description

Time

  • Played on: July 16, 2018, 6:44 a.m.
  • Length: 14:36
Show
View Real Time Build Order
Export as new Build Order

Nordy Protoss - Winner!

Build Orders: 1 Gate Expand, Oracle Opening 

Get SALT Encoding   

  12  0:01  Probe  
  13  0:13  Probe  
  14  0:20  Pylon  
  14  0:25  Probe  
  15  0:35  Probe  
  15  0:39  Gateway  
  16  0:43  Probe  
  16  0:49  Assimilator  
  17  0:52  Probe  
  18  1:04  Probe  
  19  1:16  Probe  
  20  1:27  Nexus  
  20  1:36  Cybernetics Core  
  20  1:41  Assimilator  
  20  1:44  Probe  
  21  1:54  Pylon  
  21  1:56  Probe  
  22  2:06  Adept  
  22  2:08  Probe  
  25  2:19  Stargate  
  25  2:20  Probe  
  26  2:26  Warp Gate  
  26  2:32  Probe, Adept  
  28  2:37  Probe  
  28  2:40  Probe  
  30  2:45  Probe  
  30  2:48  Probe  
  31  2:56  Probe  
  31  2:57  Gateway  
  32  2:59  Probe  
  34  3:08  Probe  
  34  3:10  Oracle  
  34  3:11  Probe  
  36  3:20  Probe  
  36  3:23  Probe  
  36  3:25  Twilight Council  
  41  3:31  Gateway  
  41  3:35  Sentry  
  41  3:37  Probe x2  
  45  3:51  Probe  
  46  3:56  Pylon  
  46  3:58  Pylon  
  46  4:14  Probe x2, Phoenix  
  50  4:26  Probe x2  
  50  4:28  Gateway  
  50  4:29  Gateway  
  50  4:30  Charge  
  52  4:32  Gateway  
  52  4:36  Assimilator, Robotics Facility  
  54  4:38  Probe x2  
  54  4:42  Assimilator  
  54  4:46  Adept  
  54  4:47  Adept  
  54  4:50  Probe  
  54  4:51  Probe  
  60  4:56  Pylon  
  60  5:02  Probe  
  60  5:06  Pylon  
  61  5:11  Probe  
  62  5:22  Nexus  
  62  5:25  Probe x2  
  62  5:26  Pylon, Observer  
  62  5:28  Pylon  
  65  5:33  Forge  
  65  5:36  Gateway, Templar Archives  
  65  5:40  Probe x2  
  67  5:49  Shield Battery  
  67  5:50  Immortal  
  67  5:51  Adept x2  
  67  5:52  Probe x2  
  73  5:58  Pylon  
  73  6:01  Psionic Storm, Protoss Ground Weapons Level 1  
  77  6:10  Probe x2  
  79  6:20  Assimilator, Zealot  
  79  6:25  Assimilator  
  81  6:30  Immortal  
  85  6:33  Zealot x2  
  89  6:42  Probe x2  
  89  6:43  Probe  
  92  6:51  Zealot x2  
  92  6:52  Zealot  
  92  6:53  High Templar  
  100  6:54  Probe x2, High Templar  
  100  6:55  Probe  
  105  7:06  Probe x2  
  103  7:16  High Templar x3, Immortal  
  103  7:17  Zealot x2  
  115  7:33  Zealot  
  117  7:41  Robotics Facility  
  117  8:00  Probe x2  
  117  8:01  Probe  
  117  8:02  Zealot x4  
  114  8:10  Zealot  
  114  8:11  Zealot x2  
  114  8:13  Probe x3  
  117  8:21  Pylon  
  117  8:23  Pylon  
  117  8:24  Immortal  
  113  8:30  Probe x2  
  113  8:31  Probe  
  113  8:32  Immortal  
  116  8:37  Pylon  
  114  8:44  Gateway  
  114  8:45  Gateway  
  110  8:51  Gateway  
  110  8:53  Warp Prism  
  110  8:54  Gateway  
  110  8:59  Protoss Ground Weapons Level 2, High Templar x4  
  110  9:00  High Templar x3  
  124  9:03  Archon x2  
  124  9:04  Archon  
  126  9:10  Nexus  
  126  9:11  Pylon  
  126  9:12  Pylon  
  126  9:14  Forge  
  126  9:21  Gateway  
  126  9:22  Gateway  
  126  9:23  Oracle  
  128  9:27  Observer  
  110  9:56  Zealot x4  
  110  9:57  Zealot x3  
  120  10:00  Immortal x2  
  128  10:13  High Templar x4  
  136  10:27  Zealot x4  
  136  10:28  Zealot x3  
  150  10:40  Immortal x2  
  119  11:01  Zealot x2  
  119  11:02  Zealot x6  
  119  11:03  Zealot x2  
  115  11:13  Zealot  
  105  11:19  Protoss Ground Weapons Level 3  
  105  11:22  High Templar x3  
  105  11:23  High Templar x3  
  105  11:24  Zealot x4  
  125  11:31  Pylon  
  125  11:34  Pylon  
  125  11:39  Blink  
  125  11:42  Zealot  
  125  11:43  Zealot x2  
  125  11:44  Gateway  
  125  11:45  Gateway  
  131  11:48  Gateway  
  127  11:58  Zealot x2  
  127  11:59  Zealot x4  
  127  12:00  Zealot x2  
  125  12:10  High Templar x3  
  131  12:19  Zealot x2  
  135  12:31  Immortal x2  
  135  12:35  Zealot x4  
  135  12:36  Zealot x4  
  138  12:47  Zealot x3  
  138  12:48  Zealot x2  
  138  12:56  Zealot  
  138  12:57  Zealot x4  
  110  13:04  Zealot  
  110  13:05  Zealot x2  
  108  13:09  Zealot  
  110  13:18  Zealot x3  
  110  13:19  Zealot  
  116  13:34  High Templar x3  
  116  13:35  High Templar x5  
  116  13:38  Archon x2  
  116  13:39  Archon x2  
  126  13:43  Zealot  
  126  13:44  Zealot x4  
  136  14:05  High Templar x3  
  136  14:06  Zealot x2  
  136  14:07  Zealot x2  
  116  14:30  High Templar x3  
  108  14:31  Zealot  
  108  14:32  Zealot x5  
Show
View Real Time Build Order
Export as new Build Order

McBrungus Zerg 

Build Orders: Hatch First 

Get SALT Encoding   

  12  0:00  Drone  
  13  0:12  Overlord  
  13  0:18  Drone  
  14  0:31  Drone x2  
  16  0:50  Hatchery  
  16  0:55  Drone  
  16  0:56  Drone  
  17  1:02  Drone  
  18  1:11  Extractor  
  17  1:18  Spawning Pool  
  17  1:20  Drone  
  17  1:23  Drone  
  18  1:38  Drone  
  19  1:44  Overlord  
  19  1:52  Drone  
  20  2:06  Queen  
  20  2:07  Queen, Zergling x2  
  20  2:08  Zergling x2  
  26  2:14  Metabolic Boost  
  26  2:22  Drone x2  
  28  2:23  Drone  
  29  2:32  Drone  
  30  2:46  Overlord, Hatchery  
  30  2:48  Drone  
  30  2:50  Drone  
  31  2:54  Drone  
  31  2:59  Queen  
  31  3:04  Zergling x2  
  34  3:17  Drone x2  
  34  3:18  Drone x5  
  41  3:28  Drone x2  
  41  3:30  Overlord  
  41  3:33  Overlord  
  43  3:44  Overlord  
  43  3:54  Drone x3  
  46  3:57  Queen  
  46  4:00  Extractor  
  47  4:03  Roach Warren  
  46  4:11  Spore Crawler  
  46  4:13  Spore Crawler  
  44  4:21  Drone x3  
  47  4:30  Drone, Extractor  
  47  4:31  Drone x2  
  49  4:32  Queen  
  51  4:38  Drone  
  51  4:39  Drone x7  
  59  4:46  Spore Crawler  
  59  4:51  Queen  
  60  4:58  Lair  
  60  4:59  Drone  
  61  5:02  Overlord x3  
  61  5:13  Drone x4  
  65  5:31  Baneling Nest, Drone x3  
  65  5:32  Drone x2  
  65  5:34  Drone  
  70  5:40  Drone x3, Extractor  
  70  5:41  Overlord x3  
  72  5:46  Roach x4  
  80  5:58  Roach x2  
  80  5:59  Roach x2  
  88  6:07  Hydralisk Den, Zergling x2  
  88  6:08  Zergling x12  
  93  6:23  Zergling x2  
  93  6:24  Zergling x6  
  97  6:29  Overseer  
  97  6:36  Overlord x3  
  97  6:43  Drone x3  
  97  6:44  Extractor  
  97  6:45  Hydralisk x7  
  113  6:49  Muscular Augments  
  113  6:50  Centrifical Hooks  
  113  6:54  Overlord  
  113  6:55  Overlord  
  110  7:16  Hydralisk  
  110  7:17  Hydralisk x6  
  124  7:25  Queen  
  124  7:27  Hydralisk x2  
  130  7:30  Zergling x2  
  130  7:31  Zergling x12  
  130  7:36  Baneling x6  
  137  7:38  Baneling  
  137  7:41  Baneling  
  137  7:49  Hydralisk x2  
  130  8:12  Hydralisk x4  
  113  8:13  Hydralisk x2  
  117  8:23  Zergling x14  
  118  8:28  Hatchery  
  118  8:29  Extractor  
  108  8:45  Hatchery  
  108  8:47  Hydralisk x7  
  111  9:06  Baneling x15  
  111  9:07  Baneling  
  111  9:08  Zergling x4  
  111  9:09  Zergling x16  
  121  9:14  Drone x3  
  96  9:51  Hydralisk x10  
  96  9:52  Hydralisk x4  
  105  9:59  Queen  
  100  10:02  Hydralisk x2  
  100  10:03  Hydralisk  
  100  10:05  Zergling x2  
  100  10:06  Zergling x14  
  114  10:16  Hydralisk x2  
  114  10:17  Hydralisk x3  
  124  10:23  Extractor  
  124  10:28  Extractor  
  122  10:33  Baneling x9  
  122  10:34  Baneling  
  122  10:35  Baneling  
  122  10:37  Baneling  
  122  10:38  Zergling x8  
  122  10:39  Zergling x20  
  115  10:57  Zergling x2  
  115  10:58  Zergling x30  
  127  11:08  Hydralisk x4  
  121  11:19  Baneling x6  
  121  11:20  Baneling x10  
  121  11:23  Hydralisk x2  
  125  11:31  Hydralisk  
  125  11:32  Hydralisk x2  
  129  11:37  Baneling  
  129  11:38  Baneling x3  
  122  12:10  Zergling x2  
  122  12:11  Zergling x34  
  122  12:12  Zergling x4  
  141  12:17  Hydralisk  
  124  12:57  Zergling x2  
  124  12:58  Zergling x50  
  118  12:59  Zergling x6  
  115  13:13  Hydralisk x4  
  115  13:14  Hydralisk x2  
  115  13:19  Baneling x9  
  127  13:20  Baneling x7  
  127  13:21  Baneling  
  127  13:22  Baneling  
  125  13:34  Baneling x3  
  125  13:35  Baneling x7  
  121  13:44  Baneling x5  
  121  13:45  Baneling x13  
  121  13:54  Hydralisk  
  121  13:55  Hydralisk x2  
  127  14:07  Baneling  
  127  14:08  Baneling x9  
  127  14:09  Baneling  
Tags
 
Add a new tag
Caveats
  • Supply blocks, unpowered buildings, or Contaminate may cause inaccurate times.
  • Supply counts are checked every 10 seconds.